 Dungeon Crawl Stone Soup version 0.28.0-1-gb440e238dd (webtiles) character file.

Game seed: 7756595707085869021

566 smarlow the Conjurer (level 7, -5/36 HPs)
             Began as a Deep Elf Conjurer on Feb 23, 2022.
             Shot with an arrow by a centaur (14 damage)
             ... on level 6 of the Dungeon.
             The game lasted 00:08:51 (5292 turns).

smarlow the Conjurer (Deep Elf Conjurer)            Turns: 5292, Time: 00:08:51

Health: -5/36      AC:  2    Str:  4    XL:     7   Next: 10%
Magic:  14/18      EV: 13    Int: 25    God:
Gold:   129        SH:  0    Dex: 13    Spells: 7/18 levels left

rFire   . . .      SeeInvis .   (no weapon)
rCold   . . .      Faith    .   (no shield)
rNeg    . . .      Spirit   .   a - +0 robe
rPois   .          Reflect  .   q - +0 hat
rElec   .          Harm     .   (no cloak)
rCorr   .          Rampage  .   (no gloves)
Will    .....                   (no boots)
Stlth   ++........              (no amulet)
HPRegen 0.12/turn               (no ring)
MPRegen 0.16/turn               (no ring)

@: no status effects
A: no striking features
a: no special abilities


You were on level 6 of the Dungeon.
You visited 1 branch of the dungeon, and saw 6 of its levels.

You collected 162 gold pieces.
You spent 33 gold pieces at shops.

Inventory:

Armour
 a - a +0 robe (worn)
 q - a +0 hat (worn)
Wands
 m - a wand of paralysis (4)
Scrolls
 b - a scroll of identify
 c - 2 scrolls of blinking {unknown}
 f - a scroll of amnesia {unknown}
 g - a scroll of enchant armour {unknown}
 i - 4 scrolls of teleportation
 k - 3 scrolls of enchant weapon {unknown}
 l - a scroll of summoning {unknown}
 n - a scroll of noise {unknown}
 o - 4 scrolls of vulnerability {unknown}
 p - a scroll of magic mapping {unknown}
Potions
 d - a potion of cancellation
 e - a potion of heal wounds {unknown}
 h - 3 potions of curing {unknown}
 j - a potion of lignification {unknown}
 r - a potion of invisibility {unknown}


   Skills:
 + Level 1.4 Armour
 - Level 3.1 Dodging
 - Level 3.2 Stealth
 + Level 6.1 Spellcasting
 * Level 6.9 Conjurations
 + Level 2.6 Translocations


You had 7 spell levels left.
You knew the following spells:

 Your Spells              Type           Power      Damage    Failure   Level
a - Magic Dart            Conj           100%       1d8       1%          1
b - Searing Ray           Conj           84%        2d7       1%          2
c - Iskenderun's Mystic   Conj/Tloc      31%        2d8       11%         4
d - Fulminant Prism       Conj/Hex       12%        3d9       19%         4

Your spell library contained the following spells:

 Spells                   Type           Power      Damage    Failure   Level
 Dazzling Flash           Conj/Hex       48%        N/A       5%          3
 Freeze                   Ice            28%        1d5       8%          1
 Portal Projectile        Hex/Tloc       28%        N/A       13%         3
 Hailstorm                Conj/Ice       24%        3d7       19%         4
 Frozen Ramparts          Ice            14%        1d3       22%         3
 Blade Hands              Tmut           3%         N/A       90%         5
 Excruciating Wounds      Necr           3%         N/A       90%         5


Dungeon Overview and Level Annotations

Branches:
Dungeon (6/15)
 Temple: D:4-7

Altars:

Shops:
D:3 =?:(   D:4 ?

Annotations:
D:3 Grinder
D:5 Eustachio


Message History

o - 4 scrolls labelled CETUBR QIEWIA (gained 3)
Things that are here:
a +0 flail; 2 boomerangs; an orc corpse
Things that are here:
a +0 giant spiked club; an ogre corpse
There is a stone staircase leading up, spattered with blood here.
You open the door.
There is an open door here.
An orc comes into view. It is wielding a +0 flail.
The magic dart hits the orc.
The orc is heavily wounded.
The orc shouts!
The magic dart hits the orc.
You kill the orc!
Things that are here:
a +0 flail; a +0 leather armour A centaur comes into view.
The magic dart hits the centaur.
The centaur is lightly wounded.
The centaur shouts!
The centaur wields a +0 shortbow.
The centaur shoots an arrow.
The arrow hits you!
Casting: Magic Dart (safe; 1% risk of failure)
Confirm with . or Enter, or press ? or * to list all spells.
Aiming: Searing Ray (safe; 1% risk of failure)
Press: ? - help, Shift-Dir - straight line, f/p - centaur
Aim: a centaur, wielding a +0 shortbow and quivering arrows (lightly wounded, 89% to hit)
The searing ray hits the centaur.
The centaur is moderately wounded. (Press . to maintain the ray.)
The centaur shoots an arrow.
The arrow hits you!
The centaur shoots an arrow.
The arrow barely misses you.
The searing ray hits the centaur.
The centaur is heavily wounded.
The centaur shoots an arrow.
The arrow hits you.
* * * LOW HITPOINT WARNING * * *
The searing ray hits the centaur!
The centaur is almost dead.
The centaur shoots an arrow.
The arrow hits you!
You die...

#############
#..@#..c....# .
###...#.###...#
.# #.)...c.# #
.. #.#...### #.
#.#...# #.
#.#...# #.
##'#######
#.####.........
#....).<.......


You could see a centaur.

Vanquished Creatures
  2 ogres
  A bullfrog (D:6)
  2 hounds
  A centaur zombie (D:4)
  An orc priest (D:4)
  A bullfrog skeleton (D:4)
  Robin (D:3)
  A howler monkey skeleton (D:6)
  7 adders
  A worm (D:2)
  3 dart slugs
  7 orcs
  9 endoplasms
  6 giant cockroaches
  9 hobgoblins
  5 jackals (D:1)
  7 ball pythons
  5 bats
  3 frilled lizards
  15 goblins
  5 kobolds
  3 rats
  A spectral hobgoblin (D:1)
96 creatures vanquished.

Notes
Turn   | Place    | Note
-------+----------+-------------------------------------------
     0 | D:1      | smarlow the Deep Elf Conjurer began the quest for the Orb.
     0 | D:1      | Reached XP level 1. HP: 10/10 MP: 6/6
   460 | D:1      | Reached XP level 2. HP: 15/15 MP: 4/8
   652 | D:1      | Learned a level 2 spell: Searing Ray
   822 | D:1      | Found a faded altar of an unknown god.
  1338 | D:1      | Reached XP level 3. HP: 19/19 MP: 8/10
  2114 | D:2      | Reached skill level 5 in Conjurations
  2114 | D:2      | Reached XP level 4. HP: 24/24 MP: 7/12
  2199 | D:2      | You fall into a shaft and drop 2 floors!
  2253 | D:3      | Found Liolyxapp's Magic Scroll Shop.
  2259 | D:3      | Noticed Grinder
  3014 | D:3      | Found Gimoh's Jewellery Shop.
  3035 | D:3      | Noticed Robin
  3060 | D:3      | Killed Robin
  3151 | D:3      | Reached skill level 5 in Spellcasting
  3151 | D:3      | Reached XP level 5. HP: 28/28 MP: 3/14
  3232 | D:3      | Learned a level 4 spell: Iskenderun's Mystic Blast
  3237 | D:3      | Learned a level 4 spell: Fulminant Prism
  3594 | D:4      | Reached skill level 1 in Translocations
  3949 | D:4      | Found Deoseuck's Magic Scroll Shoppe.
  3954 | D:4      | Bought a scroll of teleportation for 33 gold pieces
  4194 | D:3      | Found Dolung's Antique Weapon Boutique.
  4213 | D:3      | Found Dolatega's Book Boutique.
  4474 | D:4      | Reached XP level 6. HP: 32/32 MP: 5/16
  4633 | D:5      | Entered Level 5 of the Dungeon
  4633 | D:5      | Noticed Eustachio
  5133 | D:6      | Reached skill level 1 in Armour
  5136 | D:6      | Reached XP level 7. HP: 26/36 MP: 2/18
  5292 | D:6      | Shot with an arrow by a centaur

Illustrated notes

Levels and vault maps discovered:
D:1:      scummos_arrival_checkerplants, layout_loops_corners,
          dreamdust_ecumenical_altar_drowned_temple, serial_forest,
          infiniplex_forest_lined_3, infiniplex_forest_fountain,
          infiniplex_forest_end_2, infiniplex_forest_end_2,
          infiniplex_forest_fountain, infiniplex_forest_end_1,
          infiniplex_forest_clump_cross, infiniplex_forest_end_2,
          infiniplex_forest_straight_2, nrook_campfire
D:2:      layout_basic
D:3:      layout_rooms, serial_shops, nicolae_shop_crystal, nicolae_shop_stone,
          nicolae_shop_waterfront, nicolae_shop_crystal, minmay_statues_item,
          chequers_serial_rivers_room_b, roderic_lattice_a, st_stairs_1,
          uniq_grinder, uniq_robin
D:4:      layout_loops_ring, serial_shops, shop
D:5:      layout_layer_cave, minmay_temple_entry_grid, uniq_eustachio
D:6:      layout_basic, lemuel_crystal_altar, serial_shops,
          nicolae_shop_hallway_plus, st_stairs_5, minmay_hollow_rounded_squares

Skill      XL: |  1  2  3  4  5  6 |
---------------+-------------------+-----
Stealth        | 3 |  3.2
Dodging        | 3 |  3.1
Spellcasting   | 4 5 6 |  6.1
Conjurations   | 5 6 |  6.9
Translocations | 1 2 |  2.6
Armour         | 1 |  1.4

Action                   |  1- 3 |  4- 6 |  7- 9 || total
-------------------------+-------+-------+-------++-------
 Cast: Magic Dart        |    66 |   103 |     3 ||   172
       Searing Ray       |     1 |    13 |     2 ||    16
       Iskenderun's Myst |       |     3 |       ||     3
  Use: Scroll            |     1 |       |       ||     1
Armor: Robe              |     1 |     4 |       ||     5
Dodge: Dodged            |     4 |    22 |     1 ||    27
